Unix NetHack Version 5.0.0-0 post-release - last build May 17 2026 04:57:42 (dc50c8380fa5e20985bfe3072449f57b8d9895ef,branch:main).

Game began 2026-05-21 16:05:06, ended 2026-05-21 16:18:07.

Brudee, neutral female human Tourist

                                                ------------        -------
                                     -----    ##.........>.|        |.....|
    ------                           |...|    # |..[..`....|        |.....|
    |....|                          #....|    # ---------|--        |.....|
    |....|                          #|...|   ###        ###         |.....|
    |....|                          #|....####           #         #......|
    |....-#############0      #######|.>.|               "       ###|.....|
    ----.-                    #      |%..|            ---.-----  #  -.-----
        #                     #      -----            |........###   ####
        #                     #                       |.......|         #
        #            -----    #                       ........|         #
        #            |...| ####                       |.......|         ###
        ##           |...| #                          |.......|        ---.-
        #####        |...| #                          ---------        |<..|
       -----|----    |...| #                                           |...|
       |.....f..|    |...-##                                           |..{|
       |...@h))..####....|                                             -----
       ----------    -----

Brudee the Sightseer        St:14 Dx:10 Co:15 In:13 Wi:9 Ch:14  Neutral S:578
Dlvl:4  $:104 HP:0(29) Pw:14(14) AC:6  Xp:4/84 T:1495  Burdened

Latest messages:
 You climb up the stairs.
 That door is closed.
 The door resists!
 The door resists!
 The door opens.
 You find a hidden passage.
 Sparky bites the acid blob.
 In what direction? u
 The dart misses the acid blob.
 Sparky bites the acid blob.
 The acid blob is killed!
 Sparky is splashed by the acid blob's acid!
 In what direction? u
 You have a little trouble lifting a - 2 +2 darts (at the ready) (22 in total).
 There is nothing here to pick up.
 The door opens.
 The door opens.
 With great effort you move the boulder.
 You try to move the boulder, but in vain.
 You swap places with Sparky.
 You swap places with Sparky.
 You swap places with Sparky.
 You hear water falling on coins.
 In what direction? l
 The dart misses the dwarf.
 The dwarf swings her pick-axe.
 The dwarf hits!
 Sparky misses the dwarf.
 Sparky misses the dwarf.
 In what direction? l
 The dart misses the dwarf.
 The dwarf swings her pick-axe.
 The dwarf hits!
 Sparky misses the dwarf.
 Sparky misses the dwarf.
 Sparky misses the dwarf.
 In what direction? l
 The dart hits the dwarf.
 The dwarf swings her pick-axe.
 The dwarf hits!
 Sparky misses the dwarf.
 Sparky bites the dwarf.
 The dwarf swings her pick-axe at Sparky.
 The dwarf misses Sparky.
 Sparky misses the dwarf.
 The dwarf swings her pick-axe.
 The dwarf hits!
 You die...
 Do you want your possessions identified? [ynq] (y) y
 Do you want to see your attributes? [ynq] (y) q

Inventory:
 Coins    ('$')
  $ - 104 gold pieces
 Amulets  ('"')
  K - an uncursed amulet of ESP (being worn)
 Weapons  (')')
  a - 19 +2 darts (at the ready)
 Armor    ('[')
  j - an uncursed +0 Hawaiian shirt with a plumeria motif (being worn)
  o - an uncursed +0 scale mail (being worn)
 Comestibles  ('%')
  e - an uncursed slime mold
  b - 11 uncursed food rations
  f - an uncursed lembas wafer
  d - 4 uncursed tripe rations
  c - 2 uncursed eggs
  n - 2 uncursed lichen corpses
 Scrolls  ('?')
  F - a cursed scroll of confuse monster
  q - a cursed scroll of enchant armor
  v - an uncursed scroll of identify
  i - a blessed scroll of magic mapping
  h - 3 uncursed scrolls of magic mapping
  m - a blessed scroll of scare monster
  u - an uncursed scroll of scare monster
 Potions  ('!')
  H - an uncursed potion of booze
  J - an uncursed potion of confusion
  g - an uncursed potion of extra healing
  s - an uncursed potion of full healing
  y - an uncursed potion of gain ability
  z - an uncursed potion of hallucination
  w - an uncursed potion of monster detection
  E - an uncursed potion of water
 Rings    ('=')
  C - an uncursed ring of levitation
  p - an uncursed ring of protection from shape changers
  D - an uncursed ring of slow digestion
 Wands    ('/')
  A - a wand of light (0:12)
  I - a wand of locking (0:4)
 Tools    ('(')
  l - an uncursed credit card
  k - an expensive camera (0:86)
 Gems/Stones  ('*')
  G - an uncursed worthless piece of blue glass
  t - an uncursed worthless piece of violet glass
  r - a cursed worthless piece of violet glass

Brudee the Tourist's attributes:

Background:
 You were a Sightseer, a level 4 female human Tourist.
 You were neutral, nominally on a mission for The Lady
 who was opposed by Blind Io (lawful) and Offler (chaotic).
 You were right-handed.
 You were in the Dungeons of Doom, on level 4.
 You entered the dungeon 1495 turns ago.
 You had 84 experience points, 76 more were needed to attain level 5.
 Your score was 578 before end-of-game adjustments.

Basics:
 You had 0 out of 29 hit points.
 You had all 14 energy points (spell power).
 Your armor class was 6.
 Your wallet contained 104 zorkmids.
 Autopickup was on for '$!=+?/"' plus thrown.

Final Characteristics:
 Your strength was 14 (limit:18/100).
 Your dexterity was 10 (limit:18).
 Your constitution was 15 (limit:18).
 Your intelligence was 13 (limit:18).
 Your wisdom was 9 (limit:18).
 Your charisma was 14 (limit:18).

Final Status:
 You weren't hungry.
 You were burdened; movement was slightly slowed.
 You were bare handed.
 You were unskilled in bare handed combat.

Final Attributes:
 You were devoutly aligned.
 You were telepathic.
 You were warded.
 You are dead.

Miscellaneous:
 You didn't encounter any bones levels.
 Total elapsed playing time was 12 minutes and 58 seconds.

Major events:
 Turn
    1: Brudee the neutral female human Tourist entered the dungeon
  814: attained the rank of Sightseer (level 3)
 1495: killed by a dwarf

You didn't know any spells.

Skills:
 Fighting Skills
   bare handed combat [Unskilled]
   two weapon combat  [Unskilled]
   riding             [Unskilled]
 Weapon Skills
   dagger             [Unskilled]
   knife              [Unskilled]
   axe                [Unskilled]
   pick-axe           [Unskilled]
   short sword        [Unskilled]
   broadsword         [Unskilled]
   long sword         [Unskilled]
   two-handed sword   [Unskilled]
   saber              [Unskilled]
   mace               [Unskilled]
   morning star       [Unskilled]
   flail              [Unskilled]
   hammer             [Unskilled]
   quarterstaff       [Unskilled]
   polearms           [Unskilled]
   spear              [Unskilled]
   trident            [Unskilled]
   lance              [Unskilled]
   bow                [Unskilled]
   sling              [Unskilled]
   crossbow           [Unskilled]
   dart               [Basic]
   shuriken           [Unskilled]
   boomerang          [Unskilled]
   whip               [Unskilled]
   unicorn horn       [Unskilled]
 Spellcasting Skills
   divination spells  [Unskilled]
   enchantment spells [Unskilled]
   escape spells      [Unskilled]

Voluntary challenges:
 Character rerolling was not enabled.
 You were an atheist.
 You never hit with a wielded weapon.
 You were illiterate.
 You never genocided any monsters.
 You never polymorphed an object.
 You never changed form.
 You used no wishes.
Achievement:
 You attained the rank of Sightseer.

 The Dungeons of Doom: levels 1 to 5
    Level 1:
       A sink.
    Level 2:
       A sink.
    Level 3:
       A fountain, a sink, a grave.
    Level 4: <- You were here.
       A fountain.
       Final resting place for
          you, killed by a dwarf.
    Level 5:


Vanquished creatures:
  a giant bat
  a wererat
 an acid blob
  a hobbit
  2 cave spiders
  2 garter snakes
  a gnome zombie
  2 geckos
  4 jackals
  3 foxes
  2 goblins
  a sewer rat
  4 lichens
  3 newts
28 creatures vanquished.

No species were genocided or became extinct.

Game over:
                       ----------
                      /          \
                     /    REST    \
                    /      IN      \
                   /     PEACE      \
                  /                  \
                  |      Brudee      |
                  |      104 Au      |
                  |   killed by a    |
                  |      dwarf       |
                  |                  |
                  |                  |
                  |       2026       |
                 *|     *  *  *      | *
        _________)/\\_//(\/(/\)/\//\/|_)_______

Aloha Brudee the Tourist...

You died in The Dungeons of Doom on dungeon level 4 with 574 points,
and 104 pieces of gold, after 1495 moves.
You were level 4 with a maximum of 29 hit points when you died.

